 Dungeon Crawl Stone Soup version 0.30.1 (webtiles) character file.

Game seed: 17140354639895472089

100 cdecastro the Cudgeller (level 4, 0/45 HPs)
             Began as a Troll Fighter on July 7, 2023.
             Succumbed to Ijyb's poison
             ... on level 2 of the Dungeon.
             The game lasted 00:02:46 (1201 turns).

cdecastro the Cudgeller (Troll Fighter)             Turns: 1201, Time: 00:02:46

Health: 0/45       AC:  4    Str: 22 (24) XL:     4   Next: 46%
Magic:  3/3        EV:  8    Int:  1 (4)  God:
Gold:   87         SH:  7    Dex:  9 (11) Spells: 3/3 levels left

rFire   . . .        (no weapon)
rCold   . . .        c - +0 kite shield
rNeg    . . .        b - +0 robe
rPois   .            (helmet restricted)
rElec   .            (no cloak)
rCorr   .            (gloves unavailable)
SInv    .            (boots unavailable)
Will    .....        (no amulet)
Stlth   +            (no ring)
HPRegen 1.07/turn    (no ring)
MPRegen 0.08/turn

%: no passive effects
@: lethally poisoned (0 -> -4)
A: large, unfitting armour, claws 3, regeneration 1, shaggy fur 1, tough skin 1
a: no special abilities


You were on level 2 of the Dungeon.
You visited 1 branch of the dungeon, and saw 3 of its levels.

You collected 87 gold pieces.

Inventory:

Hand Weapons
 a - a +0 flail
Missiles
 h - 13 poisoned darts (quivered)
 m - 6 atropa-tipped darts
 n - 4 javelins
 q - a throwing net
Armour
 b - a +0 robe (worn)
 c - a +0 kite shield (worn)
Jewellery
 i - a +4 ring of protection
 k - a ring of wizardry
Scrolls
 e - 2 scrolls of identify {unknown}
 f - 2 scrolls of enchant weapon {unknown}
 j - a scroll of amnesia {unknown}
 l - 3 scrolls of fear {unknown}
Potions
 d - a potion of might
 o - a potion of curing {unknown}
 p - a potion of cancellation {unknown}


   Skills:
 + Level 3.1 Fighting
 * Level 3.7 Maces & Flails
 - Level 2.4 Dodging
 - Level 2.6 Shields


You had 3 spell levels left.
You didn't know any spells.
Your spell library contained the following spells:

 Spells                   Type           Power      Damage    Failure   Level
 Kiss of Death            Conj/Necr      0%         2d5       86%         1
 Confusing Touch          Hex            0%         N/A       99%         3
 Dispel Undead            Necr           0%         3d6       100%        4


Dungeon Overview and Level Annotations

Branches:
Dungeon (3/15)

Altars:

Annotations:
D:2 Ijyb


Innate Abilities, Weirdness & Mutations

You are too large for most types of armour.
You have claws for hands.
Your natural rate of healing is unusually fast.
You are covered in fur. (AC +1)
You have tough skin. (AC +1)


Message History

Ijyb zaps a wand.
You suddenly lose the ability to move!
You stop ascending the stairs.
The frilled lizard bites you. The orc hits you with a +0 short sword.
The frilled lizard bites you. The orc hits you with a +0 short sword.
Ijyb zaps a wand.
You resist with some effort. The orc hits you with a +0 short sword.
The frilled lizard bites you. Ijyb hits you but does no damage.
You are poisoned.
You feel sick.
The frilled lizard bites you but does no damage.
The orc hits you with a +0 short sword.
Ijyb hits you with a +6 dagger of venom.
* * * LOW HITPOINT WARNING * * *
You can move again.
Unknown command.
Unknown command.
Unknown command.
Unknown command.
You feel sick. You block the frilled lizard's attack.
The orc closely misses you.
Ijyb hits you with a +6 dagger of venom!
* * * LOW HITPOINT WARNING * * *
You are lethally poisoned!
You climb upwards.
* * * LOW HITPOINT WARNING * * *
You feel extremely sick.
There is a stone staircase leading down here.
Unknown command.
Unknown command.
You scratch the orc but do no damage.
* * * LOW HITPOINT WARNING * * *
You feel very sick. The orc hits you with a +0 short sword.
* * * LOW HITPOINT WARNING * * *
The frilled lizard barely misses you.
Unknown command.
It was a potion of degeneration.
There was something very wrong with that liquid.
You feel weakened.
You feel dopey.
You feel clumsy.
You die...

#..#.####............####..###.#
#.#........<####..##.####..###.#
..#######...####....#..........#
### #......._.##.#.......#.##
#.#.########.#...........
#.#.########.#.##.##)#.##
#.#.##............##.#.## #####
#.#.##.#####.#.##....†... ....#
#....[gl@o...#.##..#.#.##
###.#######.##.#######.<.....#.##
#.........##.# ####..###.##
############.# #..# #.## #.#
######..# #..# #.# #....<..###...
#.# #.#####(...... #.# #.#
#####... #### #.# #.# ##.#


You could see Ijyb, an orc and a frilled lizard.

Vanquished Creatures
  An orc wizard (D:2)
  3 adders (D:2)
  A worm (D:2)
  A dart slug (D:1)
  4 orcs (D:2)
  2 ball pythons (D:1)
  3 endoplasms
  2 giant cockroaches
  5 hobgoblins
  6 kobolds
  A quokka (D:1)
  2 bats (D:1)
  A frilled lizard (D:2)
  3 goblins (D:2)
  2 rats
37 creatures vanquished.

Notes
Turn   | Place    | Note
-------+----------+-------------------------------------------
     0 | D:1      | cdecastro the Troll Fighter began the quest for the Orb.
     0 | D:1      | Reached XP level 1. HP: 22/22 MP: 0/0
    82 | D:1      | Reached XP level 2. HP: 29/29 MP: 1/1
   496 | D:1      | You fall into a shaft and drop 1 floor!
   545 | D:2      | Reached XP level 3. HP: 36/36 MP: 2/2
   703 | D:2      | Found a faded altar of an unknown god.
  1136 | D:3      | Noticed Ijyb
  1137 | D:3      | Paralysed by Ijyb for 2 turns
  1145 | D:2      | Reached XP level 4. HP: 30/45 MP: 3/3
  1172 | D:3      | Paralysed by Ijyb for 4 turns
  1193 | D:3      | Paralysed by Ijyb for 5 turns
  1200 | D:2      | HP: 2/45 [orc/+0 short sword (1)]
  1201 | D:2      | Succumbed to Ijyb's poison

Illustrated notes

Levels and vault maps discovered:
D:1:      mrwooster_arrival_statue_3, layout_basic, grunt_decor_fettered
D:2:      layout_loops_ring, basic_ecumenical_altar, minmay_ruptured
D:3:      layout_basic, nicolae_gozag_cash_rules_everything_around_me, uniq_ijyb

Skill      XL: |  1  2  3 |
---------------+----------+-----
Maces & Flails | 2 3 |  3.7
Fighting       | 3 |  3.1
Dodging        | |  2.4
Shields        | |  2.6

Action                     |  1- 3 |  4- 6 || total
---------------------------+-------+-------++-------
  Melee: Unarmed           |   134 |    28 ||   162
    Use: Potion            |       |     1 ||     1
 Armour: Robe              |    35 |    12 ||    47
  Dodge: Dodged            |    38 |    12 ||    50
  Block: Kite shield       |    51 |    10 ||    61
